 Dungeon Crawl Stone Soup version 0.28-a0-1435-g82390b3a13 (webtiles) character file.

Game seed: 4070593240384521455

71 Lekart the Skirmisher (level 4, -1/40 HPs)
             Began as a Draconian Fighter on Jan 9, 2022.
             Was a Follower of Cheibriados.
             Slain by a gnoll (5 damage)
             ... on level 2 of the Dungeon.
             The game lasted 00:01:45 (1408 turns).

Lekart the Skirmisher (Draconian Fighter)           Turns: 1408, Time: 00:01:46

Health: -1/40      AC:  5    Str: 21    XL:     4   Next: 5%
Magic:  4/4        EV: 12    Int: 12    God:    Cheibriados [*.....]
Gold:   52         SH:  5    Dex: 15    Spells: 3/3 levels left

rFire   . . .      SeeInvis .   h - +2 dagger (venom)
rCold   . . .      Faith    .   b - +0 buckler
rNeg    . . .      Spirit   .   (armour unavailable)
rPois   .          Reflect  .   (helmet restricted)
rElec   .          Harm     .   (no cloak)
rCorr   .          Rampage  .   (no gloves)
Will    .....                   (no boots)
Stlth   +.........              (no amulet)
HPRegen 0.13/turn               (no ring)
MPRegen 0.09/turn               (no ring)

@: very slow
A: AC +5, unfitting armour, cold-blooded
a: Renounce Religion, Bend Time


You were on level 2 of the Dungeon.
You worshipped Cheibriados.
Cheibriados was aware of your devotion.
You visited 1 branch of the dungeon, and saw 2 of its levels.

You collected 52 gold pieces.

Inventory:

Hand Weapons
 a - a +0 long sword
 h - a +2 dagger of venom (weapon)
Missiles
 g - a throwing net (quivered)
Armour
 b - a +0 buckler (worn)
Jewellery
 f - an amulet of reflection
Scrolls
 d - 3 scrolls of identify {unknown}
Potions
 c - a potion of might
 e - 2 potions of curing {unknown}
 i - a potion of lignification {unknown}


   Skills:
 * Level 4.3 Fighting
 + Level 0.1(1.8) Short Blades
 + Level 3.1 Long Blades
 + Level 3.0 Dodging
 + Level 3.1 Shields


You had 3 spell levels left.
You didn't know any spells.
Your spell library was empty.

Dungeon Overview and Level Annotations

Branches:
Dungeon (2/15)

Altars:
Cheibriados


Innate Abilities, Weirdness & Mutations

Your plain brown scales are hard. (AC +5)
You cannot fit into any form of body armour.
You are cold-blooded and may be slowed by cold attacks.


Message History

There are monsters nearby!
The gnoll shouts!
There are monsters nearby!
You barely miss the gnoll. The gnoll misses you.
You hit the gnoll.
The gnoll is poisoned.
The gnoll is moderately wounded.
The gnoll barely misses you.
The gnoll hits you from afar with a +0 spear.
You closely miss the gnoll.
The gnoll is heavily wounded.
The gnoll misses you. The gnoll completely misses you. The gnoll misses you.
You hit the gnoll.
The gnoll is severely wounded.
You block the gnoll's attack. The gnoll hits you with a +0 club!
You hit the gnoll.
You kill the gnoll!
Cheibriados appreciates the change of pace.
You block the gnoll's attack.
The gnoll hits you with a +2 vorpal flail!
* * * LOW HITPOINT WARNING * * *
You have reached level 4!
You feel clever. The gnoll closely misses you. The gnoll barely misses you.
The gnoll closely misses you. x2
The gnoll hits you with a +2 vorpal flail.
* * * LOW HITPOINT WARNING * * *
x2 The gnoll misses you.
You see here an adder corpse.
The gnoll hits you but does no damage.
The gnoll hits you from afar with a +0 spear.
* * * LOW HITPOINT WARNING * * *
The gnoll barely misses you.
The gnoll hits you from afar with a +0 spear.
* * * LOW HITPOINT WARNING * * *
There is an open door, spattered with blood here.
You close the door.
A gnoll opens the door.
You block the gnoll's attack. The gnoll closely misses you.
The gnoll hits you from afar with a +0 spear.
You die...

#.# #....###..## #.#
#....####..##
#.######....'......##
#.....##....######..###
..#####'##.g..# #.....
..............# #g####
.###.....gg#'## #.g.g.
#.......#.### #####.
#....@..#...#### ##.
#.......##....(# #..
#.......#......# #..
#.......#.<###.# #..
#.......#.####.#####..
#.......#..........#..
#.......###........#..
#.......# #........#..
#........#..


You could see 3 gnolls.

Vanquished Creatures
  A gnoll (D:2)
  An adder (D:2)
  3 dart slugs (D:1)
  5 ball pythons (D:1)
  4 bats (D:1)
  8 endoplasms
  2 giant cockroaches
  6 goblins
  2 hobgoblins (D:1)
  2 frilled lizards (D:1)
  6 kobolds
  2 rats (D:1)
42 creatures vanquished.

Notes
Turn   | Place    | Note
-------+----------+-------------------------------------------
     0 | D:1      | Lekart the Draconian Fighter began the quest for the Orb.
     0 | D:1      | Reached XP level 1. HP: 19/19 MP: 1/1
   301 | D:1      | Found a faded altar of an unknown god.
   359 | D:1      | Reached XP level 2. HP: 26/27 MP: 2/2
   686 | D:1      | Reached skill level 4 in Fighting
   691 | D:1      | Reached XP level 3. HP: 33/33 MP: 3/3
  1009 | D:1      | Prayed at the altar of an unknown god.
  1009 | D:1      | Became a worshipper of Cheibriados the Contemplative
  1009 | D:1      | Reached * piety under Cheibriados
  1378 | D:2      | Reached XP level 4. HP: 11/40 MP: 4/4
  1400 | D:2      | HP: 2/40 [gnoll (2)]
  1408 | D:2      | Slain by a gnoll

Illustrated notes

Levels and vault maps discovered:
D:1:      onia_arrival_pyramid, layout_rooms, shapermc_ecumenical_altar_venn
D:2:      kennysheep_big_flooded_room, layout_basic

Skill      XL: |  1  2  3 |
---------------+----------+-----
Fighting       | 4 |  4.3
Dodging        | 3 |  3.0
Long Blades    | 3 |  3.1
Short Blades   | |  0.1
Shields        | |  3.1

Action                   |  1- 3 |  4- 6 || total
-------------------------+-------+-------++-------
Melee: Long sword        |    69 |       ||    69
       Tailslap          |    14 |       ||    14
       Dagger            |    22 |       ||    22
 Stab: Sleeping          |     2 |       ||     2
Armor: Skin              |    32 |     1 ||    33
Dodge: Dodged            |    67 |     7 ||    74
Block: Buckler           |    13 |     1 ||    14

Table legend: (Time is in decaauts)
 A = Elapsed time spent in this place.
 B = Non-inter-level travel time spent in this place.
 C = Inter-level travel time spent in this place.
 D = Time resting spent in this place.
 E = Time spent auto-exploring this place.
 F = Levels seen in this place.
 G = Mean time per level.
                   A        B        C        D        E       F      G
               +--------+--------+--------+--------+--------+-----+--------+
         Total |   1526 |   1414 |    112 |      0 |   1134 |   2 |  763.0 |
       Dungeon |   1526 |   1414 |    112 |      0 |   1134 |   2 |  763.0 |
               +--------+--------+--------+--------+--------+-----+--------+

Top non-repeatable levels by time:
     D:1: 1100 daAuts
     D:2: 426 daAuts
